Map: Кислотный завод РВ

Players

Elazer - Winner!

  • Race: Zerg Zerg
  • Spawn Location: 11:00

bly

  • Race: Zerg Zerg
  • Spawn Location: 5:00

Event: WESG 2017 Haikou

VOD

Have the link to the VOD?

Description

Time

  • Played on: March 15, 2018, 11:22 p.m.
  • Length: 5:35

All games in this series

Show
View Real Time Build Order
Export as new Build Order

Elazer Zerg - Winner!

Build Orders: Hatch First 

Get SALT Encoding   

  12  0:00  Drone  
  13  0:12  Overlord  
  13  0:17  Drone  
  14  0:30  Drone x2  
  16  0:36  Drone  
  17  0:52  Hatchery  
  17  0:54  Drone  
  17  0:58  Drone  
  17  1:03  Extractor  
  17  1:12  Spawning Pool  
  17  1:15  Drone  
  17  1:18  Drone  
  18  1:27  Drone  
  19  1:38  Overlord  
  19  1:59  Queen  
  19  2:00  Zergling x4  
  23  2:02  Metabolic Boost  
  23  2:03  Queen  
  23  2:06  Zergling x2  
  26  2:11  Drone  
  26  2:15  Drone  
  28  2:21  Drone  
  29  2:25  Drone  
  30  2:37  Hatchery  
  30  2:43  Zergling x2  
  30  2:44  Overlord  
  30  2:45  Drone  
  31  2:51  Drone  
  31  2:54  Drone  
  31  2:57  Drone  
  34  3:09  Zergling x10  
  39  3:14  Zergling x6  
  42  3:22  Overlord  
  42  3:23  Baneling Nest  
  42  3:25  Drone  
  42  3:36  Zergling x4  
  42  3:40  Queen  
  42  3:41  Queen  
  46  3:47  Zergling x6  
  51  3:55  Zergling x8  
  55  4:06  Zergling x6  
  52  4:13  Zergling x8  
  55  4:22  Zergling x2  
  55  4:23  Zergling x4  
  56  4:29  Zergling x2  
  57  4:34  Baneling x2  
  57  4:35  Baneling x2  
  57  4:38  Zergling x4  
  54  4:41  Zergling x2  
  54  4:45  Zergling x4  
  54  4:53  Zergling x2  
  54  4:54  Zergling x2  
  56  5:03  Zergling x2  
  56  5:05  Overlord  
  56  5:13  Zergling x6  
Show
View Real Time Build Order
Export as new Build Order

bly Zerg 

Build Orders: Hatch First 

Get SALT Encoding   

  12  0:01  Drone  
  13  0:13  Overlord  
  13  0:17  Drone  
  14  0:31  Drone x2  
  16  0:36  Drone  
  17  0:52  Hatchery  
  17  0:56  Drone  
  17  0:58  Drone  
  17  1:02  Extractor  
  17  1:13  Spawning Pool  
  17  1:16  Drone  
  17  1:19  Drone  
  18  1:29  Drone  
  19  1:40  Overlord  
  19  1:50  Drone  
  20  1:59  Queen  
  22  2:01  Drone  
  22  2:03  Queen  
  22  2:04  Zergling x2  
  22  2:05  Metabolic Boost  
  26  2:13  Drone  
  28  2:15  Drone  
  28  2:23  Drone  
  28  2:25  Drone  
  30  2:37  Zergling x2  
  30  2:38  Hatchery  
  30  2:39  Zergling x2  
  31  2:48  Queen  
  33  2:53  Overlord  
  33  2:56  Zergling x2  
  33  2:58  Zergling x4  
  36  3:13  Zergling x8  
  36  3:14  Zergling x2  
  41  3:20  Overlord  
  41  3:22  Drone  
  41  3:23  Drone x2  
  44  3:30  Roach Warren  
  43  3:35  Drone  
  43  3:39  Overlord  
  44  3:50  Zergling x2  
  44  3:51  Zergling x10  
  43  4:12  Zergling x2  
  43  4:13  Zergling x14  
  40  4:19  Zergling x2  
  36  4:26  Zergling x4  
  36  4:28  Zergling x12  
  40  4:36  Zergling x4  
  41  4:40  Queen  
  41  4:45  Zergling x6  
  43  4:58  Roach x2  
  45  5:00  Roach  
  46  5:09  Roach x2  
Tags
 
Add a new tag
Caveats
  • Supply blocks, unpowered buildings, or Contaminate may cause inaccurate times.
  • Supply counts are checked every 10 seconds.